 Dungeon Crawl Stone Soup version 0.18.1-50-g88ac8fd (webtiles) character file.

105 magog001 the Sneak (level 4, -1/37 HPs)
             Began as a Centaur Assassin on Sept 18, 2017.
             Slain by Natasha (6 damage)
             ... on level 2 of the Dungeon.
             The game lasted 00:14:47 (2681 turns).

magog001 the Sneak (Centaur Assassin)               Turns: 2681, Time: 00:14:48

Health: -1/37      AC:  6    Str: 14    XL:     4   Next: 53%
Magic:  4/4        EV:  9    Int: 10    God:
Gold:   97         SH:  0    Dex: 11    Spells: 0 memorised, 3 levels left

rFire  . . .     SeeInvis .     m - -3 whip (curse)
rCold  . . .     Gourm    .     h - +0 leather armour
rNeg   . . .     Faith    .     (no shield)
rPois  .         Spirit   .     (no helmet)
rElec  .         Dismiss  .     d - +1 cloak
rCorr  .         Reflect  .     (no gloves)
SustAt .         Harm     .     (no barding)
MR     .....                    (no amulet)
Stlth  +.........               (no ring)
                                (no ring)

@: very quick, not resistant to hostile enchantments, very unstealthy
A: hooves 3, deformed body, speed 2, tough skin 3
a: no special abilities


You were on level 2 of the Dungeon.
You were not hungry.

You visited 1 branch of the dungeon, and saw 3 of its levels.

You collected 97 gold pieces.

Inventory:

Hand Weapons
 a - a +2 dagger
 b - a +0 blowgun
 m - a cursed -3 whip (weapon)
 o - a +2 long sword of holy wrath
Missiles
 e - 13 poisoned needles
 f - 2 curare-tipped needles
Armour
 d - a +1 cloak (worn)
 h - a +0 leather armour (worn)
 p - a +0 buckler
Scrolls
 i - a scroll of identify
Potions
 l - a potion of flight
Comestibles
 g - 3 bread rations
 q - a chunk of flesh


   Skills:
 + Level 2.8 Fighting
 - Level 2.1 Short Blades
 + Level 2.5 Throwing
 + Level 0.7 Armour
 + Level 1.4 Dodging
 + Level 3.2 Stealth


You had 3 spell levels left.
You didn't know any spells.

Dungeon Overview and Level Annotations

Branches:
Dungeon (3/15)

Altars:

Annotations:
D:2 Natasha


Innate Abilities, Weirdness & Mutations

You have hooves in place of feet.
Armour fits poorly on your strangely shaped body.
You cover ground very quickly.
You have extremely tough skin (AC +3).


Message History

You completely miss Natasha. Natasha claws you. The white imp gestures at you.
The puff of frost hits you!
You closely miss Natasha. Natasha claws you! The white imp hits you.
* * * LOW HITPOINT WARNING * * *
The white imp freezes you.
* * * LOW HITPOINT WARNING * * *
Read which item? (? for menu, Esc to quit)
Okay, then.
Drink which item? (? for menu, Esc to quit)
Okay, then.
You barely miss Natasha. Your kick misses Natasha.
Natasha mumbles some strange words.
You feel disoriented. Natasha claws you but does no damage.
The white imp closely misses you.
Natasha hisses.
Natasha closely misses you.
Your leather armour prevents you from hitting Natasha.
The white imp closely misses you. Natasha claws you.
You die...

...'.#.# #..#.##.#.#.#
...###.# ##.#.##.#.#.#
...# #.# #.#.##.#.#.#
######.#
#.#.##.#.#.#######
.....#.#
#...##.#.#........
...#.#.#
##..##.#.#########
...#'#'##########..##.#.#
.................5....#.#
....))..........@h......#
..................>.....#
........................#
....######..............#
....#### ########.......#
.......# #.......#
.......# #.......#
.......# #.......#
.......# ############


You could see Natasha and a white imp.

Vanquished Creatures
  Natasha (D:2)
  2 adders (D:2)
  An ooze (D:1)
  4 dart slugs
  4 giant geckos
  2 bats (D:2)
  3 giant cockroaches
  4 goblins
  4 hobgoblins
  2 jackals (D:1)
  8 kobolds
  3 ball pythons (D:2)
  4 giant newts
  3 rats
45 creatures vanquished.

Notes
Turn   | Place    | Note
--------------------------------------------------------------
     0 | D:1      | magog001 the Centaur Assassin began the quest for the Orb.
     0 | D:1      | Reached XP level 1. HP: 17/17 MP: 1/1
   288 | D:1      | Reached XP level 2. HP: 24/24 MP: 2/2
   416 | D:1      | Reached skill level 3 in Stealth
  1387 | D:2      | Reached XP level 3. HP: 23/30 MP: 3/3
  1467 | D:2      | Reached skill level 1 in Dodging
  1579 | D:2      | Found a faded altar to an unknown god.
  2098 | D:2      | Noticed Natasha
  2127 | D:2      | Killed Natasha
  2127 | D:2      | Reached XP level 4. HP: 20/37 MP: 4/4
  2673 | D:2      | Noticed Natasha
  2681 | D:2      | Slain by Natasha

Skill      XL: |  1  2  3 |
---------------+----------+-----
Stealth        | 3 |  3.2
Short Blades   | 2 |  2.1
Dodging        | 1 |  1.4
Fighting       | |  2.8
Throwing       | |  2.5
Armour         | |  0.7

Action                   |  1- 3 |  4- 6 || total
-------------------------+-------+-------++-------
Melee: Dagger            |   132 |    13 ||   145
       Kick              |    25 |    11 ||    36
       Whip              |       |    27 ||    27
 Fire: Blowgun           |     6 |    14 ||    20
  Use: Potion            |     1 |       ||     1
       Scroll            |       |     6 ||     6
  Eat: Meat ration       |     1 |       ||     1
Armor: Robe              |     9 |       ||     9
       Leather armour    |    36 |    19 ||    55
Dodge: Dodged            |    56 |    24 ||    80
